 Dungeon Crawl Stone Soup version 0.29-a0-834-g1e95ca9f62 (webtiles) character file.

Game seed: 6148686064642751176

86 nickcage the Magician (level 4, -4/30 HPs)
             Began as a Mummy Hedge Wizard on July 12, 2022.
             Was an Initiate of Kikubaaqudgha.
             Slain by a gnoll
             ... wielding a +0 spear
              (5 damage)
             ... on level 3 of the Dungeon.
             The game lasted 00:09:46 (3663 turns).

nickcage the Magician (Mummy Hedge Wizard)          Turns: 3663, Time: 00:09:48

Health: -4/30      AC:  2    Str: 13    XL:     4   Next: 27%
Magic:  4/11       EV: 12    Int: 15    God:    Kikubaaqudgha [......]
Gold:   142        SH:  0    Dex: 11    Spells: 3/13 levels left

rFire   x . .      SeeInvis .   a - +0 dagger
rCold   + + .      Faith    .   (no shield)
rNeg    + + +      Spirit   .   b - +0 robe
rPois   ∞          Reflect  .   c - +0 hat
rElec   .          Harm     .   (no cloak)
rCorr   .          Rampage  .   (no gloves)
Will    +....                   (no boots)
Stlth   ++........              (no amulet)
HPRegen 0.10/turn               f - ring of protection from cold
MPRegen 0.12/turn               h - ring of willpower

@: no status effects
A: cold resistance 1, negative energy resistance 3, torment resistance 2, heat
vulnerability 1, in touch with death 1, no potions
a: Renounce Religion


You were on level 3 of the Dungeon.
You worshipped Kikubaaqudgha.
Kikubaaqudgha was noncommittal.
You visited 1 branch of the dungeon, and saw 3 of its levels.

You collected 142 gold pieces.

Inventory:

Hand Weapons
 a - a +0 dagger (weapon)
Armour
 b - a +0 robe (worn)
 c - a +0 hat (worn)
Jewellery
 f - a ring of protection from cold (left hand)
 h - a ring of willpower (right hand)
 i - an amulet of faith
Scrolls
 d - a scroll of noise
 e - 5 scrolls of identify
 g - a scroll of blinking
 j - a scroll of torment {unknown}


   Skills:
 - Level 1.5 Dodging
 - Level 1.5 Stealth
 - Level 5.0 Spellcasting
 * Level 2.3 Conjurations
 - Level 0.7 Summonings
 - Level 1.4 Translocations


You had 3 spell levels left.
You knew the following spells:

 Your Spells              Type           Power      Damage    Failure   Level
a - Magic Dart            Conj           40%        1d5       6%          1
b - Slow                  Hex            12%        N/A       16%         1
c - Blink                 Tloc           16%        N/A       14%         2
d - Mephitic Cloud        Conj/Pois/Air  6%         N/A       34%         3
e - Conjure Flame         Conj/Fire      7%         6-21      30%         3

Your spell library contained the following spells:

 Spells                   Type           Power      Damage    Failure   Level
 Call Imp                 Summ           5%         N/A       19%         2


Dungeon Overview and Level Annotations

Branches:
Dungeon (3/15)

Altars:
Kikubaaqudgha

Annotations:
D:3 1 runed translucent door


Innate Abilities, Weirdness & Mutations

You are immune to poison.
Your flesh is cold resistant. (rC+)
You are immune to negative energy. (rN+++)
You are immune to unholy pain and torment.
You are vulnerable to heat. (rF-)
You are in touch with the powers of death.
You do not drink.


Message History

The magic dart hits the gnoll but does no damage.
The gnoll is severely wounded.
The gnoll hits you from afar with a +0 spear.
You are too injured to fight recklessly!
You are too injured to fight recklessly!
You are too injured to fight recklessly!
Aiming: Magic Dart (safe; 6% risk of failure)
Press: ? - help, Q - select action, (/) - cycle Shift-Dir - straight line, f/p - gnoll
Aim: a gnoll, wielding a +0 spear (severely wounded, 100% to hit)
The magic dart hits the gnoll.
The gnoll is severely wounded.
The gnoll barely misses you.
Aiming: Magic Dart (safe; 6% risk of failure)
Press: ? - help, Q - select action, (/) - cycle Shift-Dir - straight line, f/p - gnoll
Aim: a gnoll, wielding a +0 spear (severely wounded, 100% to hit)
The magic dart hits the gnoll but does no damage.
The gnoll is severely wounded.
The gnoll hits you from afar with a +0 spear.
Aiming: Magic Dart (safe; 6% risk of failure)
Press: ? - help, Q - select action, (/) - cycle Shift-Dir - straight line, f/p - gnoll
Aim: a gnoll, wielding a +0 spear (severely wounded, 100% to hit)
The magic dart hits the gnoll.
The gnoll is almost dead.
The gnoll hits you from afar with a +0 spear.
* * * LOW HITPOINT WARNING * * *
Aiming: Magic Dart (safe; 6% risk of failure)
Press: ? - help, Q - select action, (/) - cycle Shift-Dir - straight line, f/p - gnoll
Aim: a gnoll, wielding a +0 spear (almost dead, 100% to hit)
The magic dart hits the gnoll but does no damage.
The gnoll is almost dead.
The gnoll hits you from afar with a +0 spear!
* * * LOW HITPOINT WARNING * * *
Aiming: Magic Dart (safe; 6% risk of failure)
Press: ? - help, Q - select action, (/) - cycle Shift-Dir - straight line, f/p - gnoll
Aim: a gnoll, wielding a +0 spear (almost dead, 100% to hit)
The magic dart hits the gnoll.
The gnoll is almost dead.
The gnoll hits you from afar with a +0 spear.
You die...
Kikubaaqudgha rasps: "You have failed me!
Welcome... oblivion!"

........≈≈≈≈ .
..........PP ##
............ ..
...........# ..
............
...........#
...........#
...........#
#######
...........#
#@....#
############
#.###.# #
#######g###.#.#
#
.......gK......
#
#######.###.#.#
# #######..# #
.........# #
######..###.# #
# #.#.#
#...........#
.#


You could see 2 gnolls and a kobold.

Vanquished Creatures
  A gnoll (D:3)
  3 adders (D:3)
  A worm (D:2)
  A dart slug (D:1)
  An orc (D:3)
  A bat (D:2)
  3 endoplasms
  4 giant cockroaches
  6 goblins
  3 hobgoblins (D:2)
  4 jackals (D:3)
  A quokka (D:1)
  4 ball pythons
  A frilled lizard (D:2)
  4 kobolds (D:2)
  4 rats
42 creatures vanquished.

Vanquished Creatures (collateral kills)
  A ball python (D:1)
1 creature vanquished.

Vanquished Creatures (others)
  16 plants
16 creatures vanquished.

Grand Total: 59 creatures vanquished

Notes
Turn   | Place    | Note
-------+----------+-------------------------------------------
     0 | D:1      | nickcage the Mummy Hedge Wizard began the quest for the
                  | Orb.
     0 | D:1      | Reached XP level 1. HP: 13/13 MP: 5/5
     2 | D:1      | Learned a level 1 spell: Slow
   603 | D:1      | Reached skill level 1 in Conjurations
   603 | D:1      | Reached skill level 1 in Translocations
   665 | D:1      | Reached XP level 2. HP: 15/19 MP: 0/7
   957 | D:1      | Learned a level 2 spell: Blink
  2199 | D:2      | Gained mutation: You are in touch with the powers of death.
                  | [Mummy growth]
  2199 | D:2      | Reached XP level 3. HP: 17/24 MP: 0/9
  2298 | D:2      | Learned a level 3 spell: Mephitic Cloud
  2302 | D:2      | Learned a level 3 spell: Conjure Flame
  2564 | D:3      | Found an ancient bone altar of Kikubaaqudgha.
  2604 | D:3      | Reached skill level 5 in Spellcasting
  2838 | D:3      | Found a runed translucent gate.
  2849 | D:3      | Became a worshipper of Kikubaaqudgha
  3372 | D:3      | Reached XP level 4. HP: 24/30 MP: 2/11
  3662 | D:3      | HP: 1/30 [gnoll/+0 spear (8)]
  3663 | D:3      | Slain by a gnoll

Illustrated notes

Levels and vault maps discovered:
D:1:      minmay_arrival_split_and_join, layout_loops_cross,
          corexii_hall_statues_x, minivault_4, minmay_misc_feat_doors,
          serial_bayou_pond_c
D:2:      layout_loops_ring
D:3:      layout_basic, mainiacjoe_overflow_chevrons, gammafunk_ghost_cemetery,
          serial_bayou_pond_c

Skill      XL: |  1  2  3 |
---------------+----------+-----
Conjurations   | 1 2 |  2.3
Translocations | 1 |  1.4
Spellcasting   | 5 |  5.0
Dodging        | |  1.5
Stealth        | |  1.5
Summonings     | |  0.7

Action                   |  1- 3 |  4- 6 || total
-------------------------+-------+-------++-------
Melee: Dagger            |    45 |       ||    45
       Punch             |     1 |       ||     1
 Cast: Magic Dart        |   122 |    22 ||   144
       Slow              |     1 |       ||     1
  Use: Scroll            |     3 |       ||     3
Armor: Robe              |    13 |       ||    13
Dodge: Dodged            |    52 |     2 ||    54

Table legend: (Time is in decaauts)
 A = Elapsed time spent in this place.
 B = Non-inter-level travel time spent in this place.
 C = Inter-level travel time spent in this place.
 D = Time resting spent in this place.
 E = Time spent auto-exploring this place.
 F = Levels seen in this place.
 G = Mean time per level.
                   A        B        C        D        E       F      G
               +--------+--------+--------+--------+--------+-----+--------+
         Total |   3664 |   3620 |     44 |    231 |   3014 |   3 | 1221.3 |
       Dungeon |   3664 |   3620 |     44 |    231 |   3014 |   3 | 1221.3 |
               +--------+--------+--------+--------+--------+-----+--------+

Top non-repeatable levels by time:
     D:2: 1300 daAuts
     D:1: 1184 daAuts
     D:3: 1178 daAuts
